 Dungeon Crawl Stone Soup version 0.20.1-1-g8b1a95d66d (webtiles) character file.

17468 MondaySad the Bludgeoner (level 12, 92/107 HPs)
             Began as a Minotaur Berserker on Nov 29, 2017.
             Was a High Priest of Trog.
             Quit the game on level 2 of the Lair of Beasts.
             The game lasted 00:36:06 (13024 turns).

MondaySad the Bludgeoner (Minotaur Berserker)      Turns: 13024, Time: 00:36:06

Health: 92/107     AC: 18    Str: 23    XL:     12   Next: 19%
Magic:  20/20      EV: 11    Int:  4    God:    Trog [*****.]
Gold:   571        SH:  6    Dex: 19    Spells: 11/11 levels left

rFire    . . .     SeeInvis .   P - +1 war axe (venom)
rCold    . . .     Gourm    .   R - +1 buckler "Lukimoebb" {Dex+5}
rNeg     . . .     Faith    .   y - +0 plate armour
rPois    .         Spirit   .   E - +1 hat
rElec    .         Reflect  .   J - +1 cloak
rCorr    .         Harm     .   (no gloves)
MR       .....                  K - +1 pair of boots
Stlth    ..........             D - amulet of rage
Regen    0.3/turn               n - ring of magical power
MPRegen  0.2/turn               (no ring)

@: no status effects
A: retaliatory headbutt, horns 2
a: Berserk, Trog's Hand, Brothers in Arms, Burn Spellbooks, Renounce Religion,
Evoke Berserk Rage


You were on level 2 of the Lair of Beasts.
You worshipped Trog.
Trog was extremely pleased with you.
You were not hungry.

You visited 2 branches of the dungeon, and saw 12 of its levels.
You also visited: Ossuary.

You collected 571 gold pieces.

Inventory:

Hand Weapons
 a - a +0 mace
 C - a +3 antimagic battleaxe
 P - a +1 war axe of venom (weapon)
Armour
 y - a +0 plate armour (worn)
 E - a +1 hat (worn)
 J - a +1 cloak (worn)
 K - a +1 pair of boots (worn)
 R - the +1 buckler "Lukimoebb" (worn) {Dex+5}
   (You found it on level 1 of the Lair of Beasts)

   It affects your dexterity (+5).
Jewellery
 n - a ring of magical power (left hand)
 v - an uncursed amulet of the gourmand
 D - an amulet of rage (around neck)
Wands
 b - a wand of confusion (6/48)
 p - a wand of iceblast (8/15)
 z - a wand of flame (9/48)
 A - a wand of acid (10/15)
 Q - a wand of acid (9/15)
Scrolls
 d - 7 scrolls of remove curse
 f - 3 scrolls of blinking
 i - 12 scrolls of identify
 k - 2 scrolls of fog
 q - 2 scrolls of teleportation
 r - 4 scrolls of enchant armour
 L - 2 scrolls of enchant weapon {unknown}
 M - a scroll of noise {unknown}
 O - a scroll of recharging {unknown}
 U - a scroll of acquirement {unknown}
Potions
 e - 3 potions of magic
 h - a potion of berserk rage {unknown}
 j - 3 potions of brilliance {unknown}
 m - 2 potions of lignification {unknown}
 o - a potion of cancellation {unknown}
 s - 5 potions of flight {unknown}
 t - 5 potions of might {unknown}
 u - 5 potions of heal wounds
 w - 2 potions of resistance
 B - 6 potions of degeneration {unknown}
 F - 2 potions of invisibility {unknown}
 G - 2 potions of haste {unknown}
 H - a potion of agility {unknown}
 I - 8 potions of curing {unknown}
 N - a potion of mutation {unknown}
Comestibles
 c - 4 bread rations
 g - 6 meat rations
 l - 5 royal jellies
 x - 12 fruits


   Skills:
 + Level 10.5 Fighting
 - Level 18.1 Maces & Flails
 - Level 7.3 Armour
 - Level 6.6 Dodging
 * Level 3.2 Shields


You had 11 spell levels left.
You didn't know any spells.

Dungeon Overview and Level Annotations

Branches:
Dungeon (10/15)            Temple (0/1) D:7            Lair (2/6) D:10
  Snake (0/4) Lair:2          Orc (0/2) D:9
  Swamp: Lair:2-4    Shoals: Lair:2-4

Altars:
Fedhas

Shops:
D:8 !

Annotations:
D:2 exclusion: oklob plant
D:8 1 runed door


Innate Abilities, Weirdness & Mutations

You reflexively headbutt those who attack you in melee.
You have a pair of horns on your head.


Message History

The naga is heavily wounded.
You slash the naga!
You kill the naga!
Trog accepts your kill.
You feel sick.
You see here a mace.
You feel sick.
You see here a spear.
You see here a mace.
You start resting.
You feel sick. x7
You are no longer poisoned.
Things that are here:
a battleaxe; a naga corpse Wear which item? (? for menu, Esc to quit)
Okay, then.
Wield which item (- for none, * to show all)? (? for menu, Esc to quit)
Okay, then.
Quiver which item? (- for none, * to show all) (? for menu, Esc to quit)
Okay, then.
Are you sure you want to abandon this character and quit the game? (Confirm with "yes".)

.....##...........
.#.P.##. .P..####.
....#. ..##.###.# #
...%. ..##...... ≈#
...##.>......... ♣♣P
....#..>.#...... ♣
♣≈≈##.##....##......
♣...♣≈≈#P.#.#...##......
..>....@)........##...##
♣.%.♣P.#).......##.P.###
♣ ♣P.#................
.PP≈#................
.≈≈≈##................
##.####.................
#..................#..#.
#....#P.##+........#####
#... ##.##.##...##......


There were no monsters in sight!

Vanquished Creatures
  Gastronok (D:8)
  The ghost of tensugalgo the Carver, a journeyman DsFi of Okawaru (Lair:1)
  The ghost of dengdeng the Twirler, a novice TrBe of Trog (D:9)
  A hydra (Lair:2)
  2 two-headed ogres
  Pikel (D:7)
  A black mamba (Lair:1)
  Maurice (D:8)
  2 spiny frogs
  2 centaur skeletons (D:10)
  3 blink frogs (Lair:2)
  A hippogriff (Lair:1)
  27 yaks
  2 wyverns (D:10)
  A hungry ghost (D:10)
  2 nagas (Lair:2)
  6 porcupines
  4 water moccasins
  3 ice beasts
  4 sky beasts
  2 black bears
  An ogre (D:8)
  2 orc warriors
  A phantom (D:6)
  5 centaurs
  4 crocodiles
  A big kobold (D:8)
  3 bullfrogs
  3 scorpions
  12 killer bees
  11 wights
  A bullfrog zombie (D:7)
  4 crimson imps
  A quasit (D:10)
  4 hounds
  7 orc wizards
  2 jellies
  2 orc priests
  An iguana (D:5)
  7 worker ants
  A hound zombie (D:10)
  A hound skeleton (D:5)
  12 mummies (Ossuary)
  A worker ant zombie (D:5)
  9 adders
  2 shadow imps
  7 oozes
  An adder skeleton (D:4)
  An adder zombie (D:8)
  3 worms
  12 dart slugs
  9 leopard geckos
  34 orcs
  A ball python (D:2)
  6 bats
  3 giant cockroaches
  6 goblins
  2 hobgoblins
  5 jackals
  6 kobolds
  2 quokkas
  5 frilled lizards
  2 gnoll skeletons (Ossuary)
  5 goblin skeletons (Ossuary)
  A goblin zombie (D:5)
  A kobold skeleton (Ossuary)
  7 rats
  11 rat skeletons (Ossuary)
  A rat zombie (D:5)
  2 plants
299 creatures vanquished.

Vanquished Creatures (others)
  2 bushes (D:10)
  A fungus (D:10)
  15 plants
  13 toadstools (D:2)
31 creatures vanquished.

Grand Total: 330 creatures vanquished

Notes
Turn   | Place    | Note
-------+----------+-------------------------------------------
     0 | D:1      | MondaySad the Minotaur Berserker began the quest for the Orb.
     0 | D:1      | Reached XP level 1. HP: 19/19 MP: 0/0
   148 | D:1      | Reached skill level 4 in Maces & Flails
   187 | D:1      | Reached XP level 2. HP: 26/26 MP: 1/1
   640 | D:2      | Found a blossoming altar of Fedhas.
   651 | D:2      | Noticed an oklob plant
   676 | D:2      | Reached skill level 5 in Maces & Flails
   676 | D:2      | Reached XP level 3. HP: 22/31 MP: 2/2
  1131 | D:2      | Reached ** piety under Trog
  1506 | D:2      | Reached XP level 4. HP: 32/39 MP: 3/3
  1602 | D:2      | Reached skill level 6 in Maces & Flails
  3593 | D:4      | Reached skill level 7 in Maces & Flails
  3593 | D:4      | Reached XP level 5. HP: 35/45 MP: 4/4
  3999 | D:5      | Entered Level 5 of the Dungeon
  4002 | D:5      | Reached skill level 8 in Maces & Flails
  4108 | D:5      | Found a sand-covered staircase.
  4130 | Ossuary  | Entered an ossuary
  4163 | Ossuary  | Reached *** piety under Trog
  4163 | Ossuary  | Reached XP level 6. HP: 46/51 MP: 4/5
  4324 | Ossuary  | Reached skill level 9 in Maces & Flails
  4715 | D:5      | Reached XP level 7. HP: 51/57 MP: 5/6
  4794 | D:5      | Reached skill level 10 in Maces & Flails
  5305 | D:5      | Reached **** piety under Trog
  5312 | D:5      | Reached skill level 11 in Maces & Flails
  5443 | D:6      | Reached XP level 8. HP: 42/64 MP: 5/7
  5642 | D:6      | Reached skill level 12 in Maces & Flails
  6305 | D:7      | Noticed Pikel
  6312 | D:7      | Killed Pikel
  6312 | D:7      | Reached skill level 13 in Maces & Flails
  6536 | D:7      | Reached XP level 9. HP: 65/70 MP: 5/8
  6763 | D:7      | Found a staircase to the Ecumenical Temple.
  6877 | D:7      | Reached skill level 14 in Maces & Flails
  7094 | D:8      | Found a runed door.
  7094 | D:8      | Noticed a sixfirhy
  7094 | D:8      | Noticed Maurice
  7164 | D:8      | Killed Maurice
  7341 | D:8      | Reached skill level 15 in Maces & Flails
  7346 | D:8      | Noticed Gastronok
  7353 | D:8      | Killed Gastronok
  7353 | D:8      | Reached skill level 16 in Maces & Flails
  7353 | D:8      | Reached XP level 10. HP: 58/77 MP: 6/9
  7762 | D:8      | Found Qyesmib's Distillery.
  8057 | D:9      | Noticed dengdeng's ghost (novice TrBe)
  8074 | D:9      | Killed dengdeng's ghost
  8074 | D:9      | Reached skill level 17 in Maces & Flails
  8217 | D:9      | Found a staircase to the Orcish Mines.
  8251 | D:9      | Noticed a two-headed ogre
  8256 | D:9      | Killed a two-headed ogre
  8256 | D:9      | Reached ***** piety under Trog
  8536 | D:9      | Reached skill level 18 in Maces & Flails
  9018 | D:10     | Entered Level 10 of the Dungeon
  9233 | D:10     | Received a gift from Trog
  9717 | D:10     | Noticed a two-headed ogre
  9723 | D:10     | Killed a two-headed ogre
  9723 | D:10     | Reached XP level 11. HP: 85/85 MP: 6/10
  9793 | D:10     | Reached skill level 5 in Fighting
 10028 | D:10     | Reached skill level 5 in Armour
 10030 | D:10     | Found a staircase to the Lair.
 10129 | D:10     | Reached skill level 5 in Dodging
 11115 | Lair:1   | Entered Level 1 of the Lair of Beasts
 11129 | Lair:1   | Noticed tensugalgo's ghost (journeyman DsFi)
 11799 | Lair:1   | Got a steaming buckler
 11805 | Lair:1   | Identified the +1 buckler "Lukimoebb" {Dex+5} (You found it on level 1 of the Lair of Beasts)
 12031 | Lair:1   | Killed tensugalgo's ghost
 12522 | Lair:2   | Reached XP level 12. HP: 67/106 MP: 11/11
 12529 | Lair:2   | Reached skill level 10 in Fighting
 12667 | Lair:2   | Reached skill level 1 in Shields
 12741 | Lair:2   | Noticed a five-headed hydra
 12753 | Lair:2   | Killed an eight-headed hydra
 12966 | Lair:2   | Found a staircase to the Snake Pit.
 13024 | Lair:2   | Quit the game

Skill      XL: |  1  2  3  4  5  6  7  8  9 10 11 12 |
---------------+-------------------------------------+-----
Maces & Flails | 4 5 7 8 9 11 13 16 18 | 18.1
Armour         | 3 7 |  7.3
Fighting       | 4 9 10 | 10.5
Dodging        | 3 6 |  6.6
Shields        | 3 |  3.2

Action                   |  1- 3 |  4- 6 |  7- 9 | 10-12 || total
-------------------------+-------+-------+-------+-------++-------
Melee: Mace              |    93 |    78 |       |       ||   171
       Headbutt          |    11 |    38 |    30 |   100 ||   179
       Battleaxe         |       |   117 |   170 |   269 ||   556
       War axe           |       |       |       |   197 ||   197
Invok: Berserk           |     1 |       |     5 |    11 ||    17
       Burn Spellbooks   |       |     1 |       |     2 ||     3
  Use: Scroll            |       |       |    11 |       ||    11
       Potion            |       |       |       |     6 ||     6
 Stab: Sleeping          |     1 |       |       |       ||     1
  Eat: Chunk             |     3 |    11 |     8 |    11 ||    33
       Bread ration      |       |       |     1 |     1 ||     2
       Fruit             |       |       |       |    21 ||    21
Armor: Animal skin       |     1 |       |       |       ||     1
       Leather armour    |     6 |       |       |       ||     6
       Plate armour      |    33 |    79 |   113 |   262 ||   487
Dodge: Dodged            |    57 |    66 |    56 |   197 ||   376
Block: Buckler           |       |       |       |    18 ||    18
